 Dungeon Sprint DCSS version 0.29.1-15-g9cfb28693d (webtiles) character file.

Game seed: 5413960759177515990

900000 sircluck the Trooper (level 1, -48/19 HPs)
             Began as a Hill Orc Abyssal Knight on Apr 18, 2023.
             Was a Believer of Lugonu.
             Annihilated by a meat berserker
             ... wielding a +9 battleaxe
              (65 damage)
             ... in the Dungeon (Sprint VIII: "Arena of Blood").
             The game lasted 00:00:21 (9 turns).

sircluck the Trooper (Hill Orc Abyssal Knight)         Turns: 9, Time: 00:00:23

Health: -48/19     AC:  3    Str: 15    XL:     1   Next: 0%
Magic:  1/2        EV: 11    Int: 10    God:    Lugonu [**....]
Gold:   0          SH:  0    Dex: 11    Spells: 0/0 levels left

rFire   . . .      SeeInvis .   i - +∞ Axe of Woe
rCold   . . .      Faith    .   (shield currently unavailable)
rNeg    . . .      Spirit   .   b - +0 leather armour
rPois   .          Reflect  .   (no helmet)
rElec   .          Harm     .   (no cloak)
rCorr   .          Rampage  .   (no gloves)
Will    .....      NoTele   +   (no boots)
Stlth   +.........              (no amulet)
HPRegen 0.06/turn               (no ring)
MPRegen 0.08/turn               (no ring)

@: no status effects
A: no striking features
a: Renounce Religion, Bend Space


You were in the Dungeon.
You worshipped Lugonu.
Lugonu was pleased with you.
You visited 1 branch

Inventory:

Hand Weapons
 a - a +1 hand axe
 i - the +∞ Axe of Woe (weapon)
   (You found it in the Dungeon)
Armour
 b - a +0 leather armour (worn)
Potions
 c - a potion of curing
 d - a potion of heal wounds
 e - a potion of haste
 f - 2 potions of magic
 g - a potion of berserk rage


   Skills:
 + Level 3.6 Fighting
 + Level 2.6 Axes
 + Level 2.1 Armour
 + Level 0.7 Dodging
 + Level 2.4 Invocations


You couldn't memorise any spells.
You didn't know any spells.
Your spell library was empty.

Dungeon Overview and Level Annotations

Branches:
Dungeon (1/1)

Altars:
Makhleb


Message History

A meat berserker and a bag of meat come into view.
The bag of meat shouts!
You hear a shout!
The meat berserker rages.
You hear a shout!
The meat berserker rages.
You hear a shout! x2
Blink to where?
Press: ? - help, Q - select action, (/) - cycle Dir - move target A meat berserker and 6 bags of meat come into view.
As you read the scroll of blinking, it crumbles to dust.
The bag of meat shouts! x5; The meat berserker shouts!
The bag of meat shouts!
You hear a shout! x11
A bag of meat comes into view. It is wielding a +9 war axe. x3
The bag of meat moves out of view. x2
The bag of meat shouts!
You hear a shout!
A meat berserker comes into view. It is wielding a +9 battleaxe.
The bag of meat shouts!
You hear a shout! x3; You hear two shouts!
You hear a shout! x5
A bag of meat comes into view. It is wielding a +9 war axe.
A destroyer comes into view. It is wielding a +9 vorpal great sword.
You hear a shout! x4
You slice the meat berserker!!
You cleave the meat berserker in twain.
You kill the meat berserker!
Lugonu accepts your kill.
The meat berserker appears out of thin air!
A meat berserker comes into view. It is wielding a +9 battleaxe.
The meat berserker shouts!
A meat berserker comes into view. It is wielding a +9 battleaxe.
You hear a shout! x5
A bag of meat comes into view. It is wielding a +9 war axe.
The destroyer casts a spell at you.
The destroyer blinks!
A bag of meat comes into view. It is wielding a +9 war axe. x2
You hear a shout!
A meat berserker comes into view. It is wielding a +9 battleaxe.
You hear a shout!
A meat berserker comes into view. It is wielding a +9 battleaxe.
The meat berserker hits you with a +9 battleaxe!!!
Ouch! That really hurt!
You die...

.. .. #. .#...... .....
#.. ...# ..........#
##.. ...###.........
....###.....O....... ##.
....._............. ..oo
#.....#.......#o#.o.oO
#_.<._#.......)....o.o
..#.....#......#@#
....._...........OVo....
....###.......o.#.#.#..#
##.......###....... O.
#...O...#.......... ..#
#..o....#..o.......o #o
............o.......O
............#...#..O..
.......... ...#


You could see a destroyer, 6 meat berserkers and 13 bags of meat.

Vanquished Creatures
  An ogre (D)
1 creature vanquished.

Notes
Turn   | Place    | Note
-------+----------+-------------------------------------------
     0 | D        | Found the +∞ Axe of Woe
     0 | D        | sircluck the Hill Orc Abyssal Knight began the quest for
                  | the Orb.
     0 | D        | Reached XP level 1. HP: 19/19 MP: 2/2
     2 | D        | Noticed a bag of meat
     3 | D        | Noticed a bag of meat
     4 | D        | Noticed a meat berserker
     6 | D        | Noticed a meat berserker
     6 | D        | Noticed a bag of meat
     7 | D        | Noticed a bag of meat
     7 | D        | Noticed a bag of meat
     7 | D        | Noticed a bag of meat
     7 | D        | Noticed a bag of meat
     7 | D        | Noticed a bag of meat
     7 | D        | Noticed a meat berserker
     7 | D        | Noticed a bag of meat
     7 | D        | Noticed a bag of meat
     7 | D        | Noticed a bag of meat
     7 | D        | Noticed a bag of meat
     8 | D        | Noticed a meat berserker
     8 | D        | Noticed a bag of meat
     8 | D        | Noticed a destroyer
     9 | D        | Killed a meat berserker
     9 | D        | Noticed a meat berserker
     9 | D        | Noticed a meat berserker
     9 | D        | Noticed a bag of meat
     9 | D        | Noticed a bag of meat
     9 | D        | Noticed a bag of meat
     9 | D        | Noticed a meat berserker
     9 | D        | Noticed a meat berserker
     9 | D        | Annihilated by a meat berserker

Illustrated notes

Levels and vault maps discovered:
D:        meatsprint

Action                   || total
-------------------------++-------
Melee: Executioner's axe ||     1
Invok: Bend Space        ||     1
  Use: Scroll            ||     1
